[Event "Open Cappelle-la-Grande"]
[Date "2025.02.15"]
[White "Aumont, Alexandre"]
[Black "Karthik Venkataraman"]
[WhiteElo "2190"]
[BlackElo "2600"]
[Round "1.1.1"]
[Result "0-1"]
[TimeControl "40/5400+30:1800+30"]

1. e4 c5 2. Nc3 Nc6 3. g3 g6 4. Bg2 Bg7 5. d3 Rb8 6. Be3 d6 7. Qd2 b5 8. Nge2 Nd4 9. O-O h5 10. Nd1 h4 11. c3 Nxe2+ 12. Qxe2 Be6 13. f4 hxg3 14. hxg3 Qd7 15. Nf2 Nf6 16. Rfe1 Ng4 17. f5 gxf5 18. exf5 Bxf5 19. Bxc5 O-O 20. Be3 b4 21. Bd2 Nxf2 22. Kxf2 Bg6 23. Kg1 bxc3 24. Bxc3 e5 25. Be4 f5 26. Bd5+ Bf7 27. Qf3 Qb5 28. Bxf7+ Rxf7 29. a4 Qb3 30. Qc6 Qe6 31. Re2 f4 32. gxf4 Rxf4 33. Rg2 Rbf8 34. Qb7 R8f7 35. Qa8+ Kh7 36. Re1 Qh3 37. Qd5 R7f6 38. Bd2 Rh4 39. Rf2 Rg4+ 40. Rg2 Rxg2+ 0-1

[Variant "Standard"]
[Site "Europe Echecs"]

[Event "Open Cappelle-la-Grande"]
[Date "2025.02.15"]
[White "Pranesh M"]
[Black "Medghoul, Sherif"]
[WhiteElo "2586"]
[BlackElo "2185"]
[Round "1.1.2"]
[Result "1-0"]
[TimeControl "40/5400+30:1800+30"]

1. e4 e6 2. d4 d5 3. Nc3 Nf6 4. Bg5 Bb4 5. e5 h6 6. Bd2 Bxc3 7. bxc3 Ne4 8. Bc1 c5 9. Ne2 Qh4 10. g3 Qh5 11. Bg2 Qf5 12. f3 Ng5 13. g4 Nxf3+ 14. Kf2 Qxg4 15. Bxf3 Qh4+ 16. Kg2 b6 17. c4 Nc6 18. Qe1 Qd8 19. c3 Ne7 20. cxd5 exd5 21. Nf4 Nf5 22. Bxd5 Ba6 23. Qe4 Qg5+ 24. Kf3 O-O-O 25. Bxf7 Nh4+ 26. Kf2 Bb7 27. d5 Rhf8 28. e6 Nf5 29. Ng6 Qf6 30. Bf4 Bxd5 31. Qxf5 Qxc3 32. e7+ Kb7 33. Bxd5+ 1-0

[Variant "Standard"]
[Site "Europe Echecs"]

[Event "Open Cappelle-la-Grande"]
[Date "2025.02.15"]
[White "Robert, Yoann"]
[Black "Laurent-Paoli, Pierre"]
[WhiteElo "2181"]
[BlackElo "2565"]
[Round "1.1.3"]
[Result "0-1"]
[TimeControl "40/5400+30:1800+30"]

1. f4 d5 2. Nf3 Bf5 3. e3 e6 4. Nc3 Nf6 5. b3 Be7 6. Bb2 O-O 7. Bd3 c5 8. Bxf5 exf5 9. Ne2 Nc6 10. Ne5 Rc8 11. Ng3 g6 12. O-O d4 13. Qe2 Re8 14. Qb5 dxe3 15. Qxb7 Na5 16. Qa6 Qxd2 17. Nf3 Qd8 18. Rfe1 Qb6 19. Qxb6 axb6 20. c4 Ne4 21. Rxe3 Bd6 22. Nxe4 fxe4 23. Ne5 f5 24. g4 Bxe5 25. fxe5 Nc6 26. gxf5 gxf5 27. Rg3+ Kf7 28. Rf1 Ke6 29. Rh3 Rg8+ 30. Kh1 Rc7 31. Rh5 Rf7 32. Rg1 Rxg1+ 33. Kxg1 Nxe5 34. Bxe5 Kxe5 35. Kf2 Ra7 36. a4 Rd7 37. Rh6 Rd2+ 38. Ke1 e3 39. Rxh7 f4 40. Re7+ Kd4 41. Rd7+ Kc3 42. Rf7 Rxh2 0-1

[Variant "Standard"]
[Site "Europe Echecs"]

[Event "Open Cappelle-la-Grande"]
[Date "2025.02.15"]
[White "Bauer, Christian"]
[Black "Iolis, Oleg"]
[WhiteElo "2548"]
[BlackElo "2178"]
[Round "1.1.4"]
[Result "1/2-1/2"]
[TimeControl "40/5400+30:1800+30"]

1. d4 Nf6 2. Nf3 g6 3. Nbd2 d5 4. b4 a5 5. b5 c5 6. dxc5 Bg7 7. Ba3 O-O 8. e3 Ne4 9. Nxe4 Bxa1 10. Qxa1 dxe4 11. Nd2 Be6 12. c4 Nd7 13. Nxe4 f6 14. f4 Rc8 15. Qd4 Qc7 16. Be2 Bf5 17. c6 bxc6 18. Bxe7 Bxe4 19. Bxf8 Kxf8 20. Qxe4 cxb5 21. O-O bxc4 22. Qd4 Kg7 23. Bxc4 Nb6 24. Be6 Rd8 25. Qb2 Qc5 26. Qc1 Qd6 27. f5 Qe5 28. Kh1 Na4 29. Qc6 Nc5 30. Bc4 Ne4 31. Qb7+ Kh6 32. fxg6 hxg6 33. Qb5 Qc3 34. Qb3 Qe5 35. Qb5 Qc3 36. Qb3 Qe5 37. Qb5 1/2-1/2

[Variant "Standard"]
[Site "Europe Echecs"]

[Event "Open Cappelle-la-Grande"]
[Date "2025.02.15"]
[White "Le Marec, Simon"]
[Black "Iniyan, Pa"]
[WhiteElo "2172"]
[BlackElo "2523"]
[Round "1.1.5"]
[Result "0-1"]
[TimeControl "40/5400+30:1800+30"]

1. d4 Nf6 2. c4 e6 3. Nc3 Bb4 4. e3 O-O 5. Bd3 d5 6. a3 Bxc3+ 7. bxc3 dxc4 8. Bxc4 c5 9. Ne2 Qc7 10. Bd3 Nc6 11. f4 b6 12. O-O Bb7 13. Ng3 Ne7 14. e4 cxd4 15. cxd4 Qc3 16. Ra2 Qxd4+ 17. Kh1 Rad8 18. Rd2 Qe3 19. Rf3 Qc5 20. h3 Ng6 21. Bb2 Nh5 22. f5 exf5 23. Nxh5 fxe4 24. Rg3 Rxd3 25.
Rdxd3 exd3 26. Bxg7 Rc8 27. Rxd3 Bxg2+ 28. Kxg2 Qxh5 29. Qxh5 Nf4+ 30. Kf3 Nxh5 31. Be5 f6 32. Bb2 Rc2 33. Kg4 Rxb2 34. Kxh5 a5 35. Kh6 a4 36. h4 Rb3 37. Rd6 b5 38. Rb6 Kf7 39. h5 Ke7 40. Kxh7 f5 41. Kg6 f4 42. Kg5 f3 43. Rf6 Rxa3 44. h6 Ra1 45. Rxf3 Rg1+ 46. Kf5 Rh1 47. Kg6 b4 48. Rf4 a3 49. Rxb4 Rg1+ 50. Kh7 a2 51. Rb7+ Kf6 52. Rb6+ Kf5 53. Rb5+ Kg4 0-1

[Variant "Standard"]
[Site "Europe Echecs"]

[Event "Open Cappelle-la-Grande"]
[Date "2025.02.15"]
[White "Raja Rithvik R"]
[Black "Aravindhan, Achyuth"]
[WhiteElo "2522"]
[BlackElo "2169"]
[Round "1.1.6"]
[Result "1-0"]
[TimeControl "40/5400+30:1800+30"]

1. d4 Nf6 2. c4 g6 3. Nc3 Bg7 4. e4 d6 5. h3 O-O 6. Be3 Nbd7 7. Nf3 e5 8. d5 Nc5 9. Nd2 a5 10. g4 c6 11. Be2 a4 12. a3 cxd5 13. cxd5 Bd7 14. h4 b5 15. h5 h6 16. g5 Nh7 17. gxh6 Bf6 18. Qc2 Bg5 19. Bxc5 dxc5 20. Bxb5 Bxb5 21. Nxb5 Qd7 22. Nc3 Qg4 23. Qd3 Rab8 24. Nc4 Bf4 25. hxg6 fxg6 26. Qh3 Qg5 27. Ke2 Kh8 28. Qh4 Qxh4 29. Rxh4 Bg5 30. Rg4 Rf4 31. Rxf4 Bxf4 32. Nxa4 1-0

[Variant "Standard"]
[Site "Europe Echecs"]

[Event "Open Cappelle-la-Grande"]
[Date "2025.02.15"]
[White "Mannion, Stephen R"]
[Black "Boyer, Mahel"]
[WhiteElo "2167"]
[BlackElo "2509"]
[Round "1.1.7"]
[Result "0-1"]
[TimeControl "40/5400+30:1800+30"]

1. e4 g6 2. d4 Bg7 3. Nc3 d6 4. f4 Nf6 5. Nf3 O-O 6. Bd3 Nc6 7. e5 dxe5 8. dxe5 Nd5 9. Bd2 Ndb4 10. Be4 f5 11. Bxc6 Nxc6 12. Be3 e6 13. Qe2 b6 14. O-O Qe7 15. Rfd1 Bb7 16. a3 h6 17. Rd2 Rfd8 18. Rad1 Rxd2 19. Rxd2 Rd8 20. Rxd8+ Nxd8 21. Kf2 Nf7 22. g3 g5 23. b4 Qe8 24. Nd4 gxf4 25. gxf4 Nd8 26. Ke1 Bf8 27. Qf2 Kh7 28. Qg3 Be7 29. Kd2 Qd7 30. Ke1 Nf7 31. Bf2 Nh8 32. Qd3 Ng6 33. Nde2 Qc6 34. Kd2 a5 35. bxa5 bxa5 36. Qb5 Bxa3 37. Qxa5 Qd7+ 38. Ke1 Be7 39. Qb5 Bc6 40. Qd3 Qc8 41. Qc4 Bd7 42. Bc5 Bh4+ 43. Kd2 Qa8 44. Be3 Bd8 45. Nd4 Qg2+ 46. Kc1 Nf8 47. Qe2 Qh1+ 48. Kd2 Be7 49. Qf2 Bb4 50. Qg1 Qd5 51. Kd3 Qa5 52. Nde2 Qa6+ 53. Kd2 Bb5 54. Bc5 Bxc3+ 55. Nxc3 Ng6 56. Qb1 c6 57. Be3 Qb7 58. Qb4 Nh4 59. Kc1 Nf3 60. Nxb5 cxb5 61. h3 Kg6 62. Qf8 Qd7 63. Kb2 Kh5 64. Qd6 Qc8 65. Qd3 Qc6 66. Bf2 Kg6 67. Qe3 Qe4 68. Qxe4 fxe4 69. Kc3 Kf5 70. Be3 Ne1 71. Bd2 Ng2 72. Kd4 Nxf4 73. Kc5 Ng2 74. Kd4 e3 0-1

[Variant "Standard"]
[Site "Europe Echecs"]

[Event "Open Cappelle-la-Grande"]
[Date "2025.02.15"]
[White "Girel, Joseph"]
[Black "Loiret, Stanislas"]
[WhiteElo "2484"]
[BlackElo "2163"]
[Round "1.1.8"]
[Result "1-0"]
[TimeControl "40/5400+30:1800+30"]

1. d4 Nf6 2. c4 e6 3. Nf3 d5 4. Nc3 c6 5. e3 Nbd7 6. Qc2 Bd6 7. Bd3 O-O 8. O-O e5 9. cxd5 cxd5 10. e4 dxe4 11. Nxe4 Nxe4 12. Bxe4 h6 13. Be3 exd4 14. Bh7+ Kh8 15. Bxd4 Nf6 16. Bf5 Qa5 17. Bxc8 Rfxc8 18. Qb3 Qd5 19.
Bxf6 Qxb3 20. Bxg7+ Kxg7 21. axb3 Be7 22. Rad1 Bf6 23. Rd2 Rd8 24. Rfd1 Rxd2 25. Rxd2 Rc8 26. g4 Rc5 27. Kg2 Rb5 28. Rd3 Bxb2 29. Nh4 h5 30. Nf5+ Kf6 31. Nd6 Rb4 32. gxh5 Ke6 33. Nc4 Bg7 34. h6 Bxh6 35. Rd6+ Ke7 36. Rxh6 Rxb3 37. h4 Kf8 38. Rh8+ Kg7 39. Rb8 Rb4 40. Nd6 Rb6 41. Nc8 Rg6+ 42. Kf1 1-0

[Variant "Standard"]
[Site "Europe Echecs"]

[Event "Open Cappelle-la-Grande"]
[Date "2025.02.15"]
[White "Durand-Benmoussa, Roman"]
[Black "Degraeve, Jean-Marc"]
[WhiteElo "2152"]
[BlackElo "2482"]
[Round "1.1.9"]
[Result "1-0"]
[TimeControl "40/5400+30:1800+30"]

1. d4 Nf6 2. c4 g6 3. Nc3 Bg7 4. e4 d6 5. Nf3 O-O 6. Be2 e5 7. O-O Bg4 8. d5 a5 9. Be3 Na6 10. Ne1 Bxe2 11. Qxe2 b6 12. f3 Nd7 13. Nd3 Nac5 14. Rab1 f5 15. b3 Nxd3 16. Qxd3 Nc5 17. Qd1 Qh4 18. a3 Bh6 19. Bf2 Qe7 20. b4 axb4 21. axb4 Nd7 22. Qc2 Qg5 23. Ra1 Rac8 24. Ra2 Nf6 25. c5 fxe4 26. Nxe4 Nxe4 27. Qxe4 bxc5 28. bxc5 Ra8 29. Rxa8 Rxa8 30. Qb4 dxc5 31. Qxc5 Qd8 32. Qc6 Bg7 33. Bh4 Qb8 34. Rc1 Qa7+ 35. Kh1 Rb8 36. h3 Qb6 37. Qd7 Rb7 38. Qc8+ Bf8 39. Rc6 Qb4 40. Qe6+ Kg7 41. Qxe5+ 1-0

[Variant "Standard"]
[Site "Europe Echecs"]

[Event "Open Cappelle-la-Grande"]
[Date "2025.02.15"]
[White "Suleymenov, Alisher"]
[Black "Dubuisson, Samuel"]
[WhiteElo "2481"]
[BlackElo "2148"]
[Round "1.1.10"]
[Result "1-0"]
[TimeControl "40/5400+30:1800+30"]

1. d4 d5 2. c4 e6 3. Nf3 Nf6 4. Nc3 Nbd7 5. Bf4 Bb4 6. cxd5 exd5 7. e3 c5 8. Bd3 c4 9. Bf5 O-O 10. O-O Re8 11. Nb5 Nh5 12. Bd6 a6 13. Bxb4 axb5 14. Bc2 Nb8 15. Ne5 Nf6 16. a4 Nc6 17. Nxc6 bxc6 18. axb5 Rb8 19. Qd2 cxb5 20. Ra7 g6 21. Ba5 Ne4 22. Bxe4 Qg5 23. Bf3 Bf5 24. Bc7 Ra8 25. Rxa8 Rxa8 26. Bxd5 Ra2 27. Bf4 Qe7 28. e4 1-0

[Variant "Standard"]
[Site "Europe Echecs"]

[Event "Open Cappelle-la-Grande"]
[Date "2025.02.15"]
[White "Duhayon, Yves"]
[Black "Muthaiah AL"]
[WhiteElo "2148"]
[BlackElo "2474"]
[Round "1.1.11"]
[Result "0-1"]
[TimeControl "40/5400+30:1800+30"]

1. d4 Nf6 2. Nf3 d5 3. g3 c6 4. Bg2 Bf5 5. O-O e6 6. b3 h6 7. Bb2 Nbd7 8. c4 Bb4 9. a3 Ba5 10. Nc3 Ne4 11. b4 Bc7 12. c5 O-O 13. Nxe4 Bxe4 14. Ne5 Bxe5 15. dxe5 Bxg2 16. Kxg2 b6 17. cxb6 Nxb6 18. Bd4 Nc4 19. Qd3 a5 20. Qc3 Qg5 21. f4 Qf5 22. Qd3 Qxd3 23. exd3 Nd2 24. Bc5 Nxf1 25. Rxf1 Rfb8 26. Rc1 axb4 27. Bxb4 c5 28. Rxc5 Rc8 29. d4 Rxc5 30. Bxc5 h5 31. h3 f6 32. Kf3 Kf7 33. g4 hxg4+ 34. hxg4 fxe5 35. fxe5 Rh8 36. Kf4 Kg6 37. Kg3 Rh1 38. Bb6 Rb1 39. Bc5 Rb3+ 40. Kf4 Kh6 41. g5+ Kh5 42. a4 Rb1 43. a5 Rf1+ 44. Kg3 Ra1 45. Bb6 Kxg5 46. Bd8+ Kf5 0-1

[Variant "Standard"]
[Site "Europe Echecs"]

[Event "Open Cappelle-la-Grande"]
[Date "2025.02.15"]
[White "Eugene, Floryan"]
[Black "Varoquier, Romain"]
[WhiteElo "2468"]
[BlackElo "2148"]
[Round "1.1.12"]
[Result "1-0"]
[TimeControl "40/5400+30:1800+30"]

1. e4 e5 2. Nf3 Nc6 3. Bb5 f5 4. Nc3 fxe4 5. Nxe4 d5 6. Nxe5 dxe4 7. Nxc6 Qg5 8. Qe2 Nf6 9. Nxa7+ Bd7 10. Bxd7+ Nxd7 11. f4 Qc5 12. Nb5 Qxc2 13. d4 Qxe2+ 14. Kxe2 Bd6 15. Rd1 Nf6 16. d5 O-O 17. Be3 Ra5 18. a4 Ng4 19. Nxd6 cxd6 20. b4 Raa8 21. h3 Nf6 22. a5 Rfc8 23. Ra2 Rc4 24. Rb2 h5 25. Bf2 Kf7 26. Be1 Kg6 27. Ke3 Kf5 28. Rd4 Rac8 29. Bd2 g5 30. fxg5 Kxg5 31. b5 Kf5 32. a6 b6 33. Be1 Rc1 34. Bh4 R8c3+ 35. Ke2 Nd7 36. Ra4 Rc8 37. Ke3 Nc5 38. Rf2+ Ke5 39. Bg3+ Kxd5 40. Rd4+ Ke6 41. Rxd6+ Ke7 42. Rff6 Rc3+ 43. Kf2 e3+ 44. Ke2 Rc2+ 45. Kxe3 Rc3+ 46. Kf4 Rxg3 47. Rc6 Rcg8 48. Rh6 Nd3+ 49. Ke4 Nf2+ 50. Kd4 Rd8+ 51. Kc4 Rdd3 52. Rh7+ Kd8 53. Rxb6 Rc3+ 54. Kd5 Rgd3+ 55. Ke6 Re3+ 56. Kf5 Rc5+ 57. Kg6 Rg3+ 58. Kh6 Kc8 59. a7 Ra3 60. Rb8# 1-0

[Variant "Standard"]
[Site "Europe Echecs"]

[Event "Open Cappelle-la-Grande"]
[Date "2025.02.15"]
[White "Fondrat, Johan"]
[Black "Flom, Gabriel"]
[WhiteElo "2142"]
[BlackElo "2455"]
[Round "1.1.13"]
[Result "0-1"]
[TimeControl "40/5400+30:1800+30"]

1. e4 d6 2. d4 g6 3. c4 Nf6 4. Nc3 Bg7 5. Be2 O-O 6. Be3 Nc6 7. d5 Ne5 8. f4 Neg4 9. Bd2 Nh6 10. h3 e6 11. dxe6 fxe6 12. g4 b5 13. cxb5 Bb7 14. Qc2 d5 15. O-O-O dxe4 16. g5 Nf5 17. gxf6 Qxf6 18. Rh2 e3 19. Be1 Nd4 20. Rxd4 Qxd4 21. Qa4 Rxf4 22. Qxd4 Bxd4 23. Bg3 Raf8 24. Kc2 Rf2 25. Kd3 e5 26. Bd1 Rxh2 27. Bxh2 Rf2 28. Bb3+ Kf8 29. Bg3 Rd2+ 30. Kc4 Bxc3 31. bxc3 Bd5+ 32. Kc5 Bxb3 33. axb3 Rg2 34. Ne2 Rxe2 35. Bxe5 Rg2 0-1

[Variant "Standard"]
[Site "Europe Echecs"]

[Event "Open Cappelle-la-Grande"]
[Date "2025.02.15"]
[White "Petriashvili, Nikoloz"]
[Black "Bocquenet-Drouode, Hugo"]
[WhiteElo "2450"]
[BlackElo "2140"]
[Round "1.1.14"]
[Result "1-0"]
[TimeControl "40/5400+30:1800+30"]

1. Nf3 d5 2. g3 g6 3. Bg2 Bg7 4. d4 Nf6 5. O-O O-O 6. c3 c6 7. Bf4 Bf5 8. Qb3 Qc8 9. Nbd2 Nbd7 10. c4 dxc4 11. Nxc4 Nb6 12. Nxb6 axb6 13. Qxb6 Nd5 14. Qc5 Nxf4 15. gxf4 Qe6 16. e3 Rxa2 17. d5 cxd5 18. Rxa2 d4 19. Ra3 Rc8 20. Qb4 Rc4 21. Qxb7 Be4 22. Ra8+ Bf8 23. Rxf8+ Kxf8 24. Qb8+ Rc8 25. Qe5 Qxe5 26. Nxe5 Bxg2 27. Kxg2 Rc2 28.
exd4 Rxb2 29. Rc1 Rb7 30. Rc8+ Kg7 31.
Rd8 Kf6 32. Kf3 Ke6 33. Ke4 Rb4 34. Ra8 f5+ 35. Ke3 Rb3+ 36. Nd3 Kf6 37. Ra6+ Kg7 38. d5 Rb1 39. Nc5 Rd1 40. Ne6+ Kh6 41. Ke2 Rxd5 42. Ra3 Kh5 43. Rh3+ Kg4 44. Rxh7 Ra5 45. h3# 1-0

[Variant "Standard"]
[Site "Europe Echecs"]

[Event "Open Cappelle-la-Grande"]
[Date "2025.02.15"]
[White "Midy, Robin"]
[Black "Prraneeth Vuppala"]
[WhiteElo "2140"]
[BlackElo "2442"]
[Round "1.1.15"]
[Result "1/2-1/2"]
[TimeControl "40/5400+30:1800+30"]

1. e4 c5 2. Nf3 d6 3. Bb5+ Bd7 4. Bxd7+ Nxd7 5. O-O e6 6. c3 Ngf6 7. Qe2 Be7 8. d4 O-O 9. Rd1 d5 10. e5 Ne4 11. Nbd2 Nxd2 12. Bxd2 Rc8 13. Be3 cxd4 14. Rxd4 Qc7 15. Rg4 Nxe5 16. Bf4 Nxf3+ 17. Qxf3 Bd6 18. Bh6 g6 19. Bxf8 Rxf8 20. h4 h5 21. Rd4 Bc5 22. Rd3 Rd8 23. Rad1 b5 24. g3 Kg7 25. Kg2 Rd6 26. R1d2 Rc6 27. Qe2 Be7 28. Rd4 Bc5 29. R4d3 a5 30. a3 Be7 31. Rd4 Bf6 32. Rf4 Be5 33. Rf3 Rc4 34. Rdd3 Bf6 35. Qd1 Qc6 36. Qd2 Rc5 37. Kh2 Qc7 38. Kg2 Be5 39. Qe2 Rc4 40. Rde3 Bf6 41. b3 Rc5 42. Qd2 a4 43. bxa4 bxa4 44. Rxf6 Kxf6 45. Qd4+ Ke7 46.
Qxa4 Rc4 47. Qb3 Kf8 48. Rf3 Kg7 49. Qd1 Qa7 50. Qc1 Qe7 51. Qb2 Qc7 52. Qd2 Qd6 53. Qb2 e5 54. Qb7 Rc7 55. Qb4 Qc6 56. a4 Rb7 57. Qa5 f6 58. Qd8 e4 59. Re3 Rd7 60. Qa5 Rb7 61. Qd8 Rd7 62. Qa5 Kf7 63. Qb4 f5 64. Re2 Rb7 65. Qd4 Qc4 66. Rd2 Qxd4 67. Rxd4 Rb2 68. Kf1 Ke6 69. c4 dxc4 70. Rxc4 Kd5 71. Rc8 e3 72. Rd8+ Ke5 73. Re8+ Kf6 74. fxe3 Ra2 75. Ra8 Ke5 76. Re8+ Kf6 77. Ra8 Ke5 78. Re8+ Kf6 1/2-1/2

[Variant "Standard"]
[Site "Europe Echecs"]

[Event "Open Cappelle-la-Grande"]
[Date "2025.02.15"]
[White "Duboue, Peio"]
[Black "Roger, Mehdi"]
[WhiteElo "2440"]
[BlackElo "2140"]
[Round "1.1.16"]
[Result "1/2-1/2"]
[TimeControl "40/5400+30:1800+30"]

1. e4 c5 2. c3 d5 3. exd5 Qxd5 4. d4 g6 5. Nf3 Bg7 6. Na3 cxd4 7. Nb5 Na6 8. Be3 Nf6 9. Bxd4 O-O 10. Be2 Bg4 11. a4 Rad8 12. h3 e5 13. Be3 Qe6 14. Qc1 Bxf3 15. Bxf3 e4 16. Be2 Qe7 17. Bxa7 Nc5 18. Bxc5 Qxc5 19. O-O Nd5 20. Qg5 f5 21. Rad1 Bf6 22. Qc1 Kh8 23. c4 Nb4 24. Rxd8 Rxd8 25. b3 Nd3 26. Bxd3 Rxd3 27. Rd1 Qb4 28. Rxd3 exd3 29. Qd1 d2 30. g3 Bd8 31. Qa1+ Kg8 1/2-1/2

[Variant "Standard"]
[Site "Europe Echecs"]

[Event "Open Cappelle-la-Grande"]
[Date "2025.02.15"]
[White "Naudion, Gregoire"]
[Black "Barp, Alberto"]
[WhiteElo "2136"]
[BlackElo "2437"]
[Round "1.1.17"]
[Result "1-0"]
[TimeControl "40/5400+30:1800+30"]

1. d4 Nf6 2. c4 e6 3. g3 d5 4. Bg2 Bb4+ 5. Nd2 O-O 6. Nf3 dxc4 7. Qc2 a5 8. a3 Bxd2+ 9. Bxd2 b5 10. a4 c6 11. h4 Nbd7 12. h5 h6 13. g4 Nxg4 14. axb5 Bb7 15. bxc6 Bxc6 16. Ng5 hxg5 17. Bxc6 Rc8 18. Bf3 Nh6 19. Rg1 f6 20. Bxa5 Qe7 21. Bc3 Nb6 22. Qg6 Rcd8 23. Ra6 Rb8 24. d5 Nxd5 25. Be4 Nf5 26. Bxd5 Nh4 27. Rxe6 1-0

[Variant "Standard"]
[Site "Europe Echecs"]

[Event "Open Cappelle-la-Grande"]
[Date "2025.02.16"]
[White "Karthik Venkataraman"]
[Black "Johnson, Donald"]
[WhiteElo "2600"]
[BlackElo "2337"]
[Round "2.2.1"]
[Result "1-0"]
[TimeControl "40/5400+30:1800+30"]

1. e4 c5 2. Nf3 d6 3. d4 cxd4 4. Qxd4 Nf6 5. Nc3 Nc6 6. Qe3 g6 7. h3 Bg7 8. Bc4 O-O 9. O-O b6 10. Rd1 Nd7 11. b3 Bb7 12. Bb2 Rc8 13. Rab1 Nde5 14. Nxe5 Nxe5 15. Be2 Qc7 16. Nb5 Qxc2 17. f3 Bh6 18. Qxh6 Qxe2 19. Nd4 Qa6 20. h4 b5 21. h5 d5 22. exd5 Qf6 23. Re1 Nd3 24. Ba1 g5 25. Nf5 Qxh6 26. Nxe7# 1-0

[Variant "Standard"]
[Site "Europe Echecs"]

[Event "Open Cappelle-la-Grande"]
[Date "2025.02.16"]
[White "Meillon, Judicael"]
[Black "Pranesh M"]
[WhiteElo "2321"]
[BlackElo "2586"]
[Round "2.2.2"]
[Result "1/2-1/2"]
[TimeControl "40/5400+30:1800+30"]

1. d4 d5 2. Nf3 Nf6 3. Bf4 Bg4 4. e3 e6 5. h3 Bxf3 6. Qxf3 Bd6 7. Nd2 Qe7 8. Qg3 Bxf4 9. Qxf4 O-O 10. Bd3 c5 11. c3 Nc6 12. Nf3 c4 13. Bc2 b5 14. a3 Ne8 15. Ne5 Nxe5 16. Qxe5 f6 17. Qg3 Nd6 18. O-O a5 19. Rfe1 b4 20. axb4 axb4 21. Rxa8 Rxa8 22. e4 b3 23. Bb1 dxe4 24. Bxe4 Ra5 25. Qf3 Qa7 26. Qf4 1/2-1/2

[Variant "Standard"]
[Site "Europe Echecs"]

[Event "Open Cappelle-la-Grande"]
[Date "2025.02.16"]
[White "Laurent-Paoli, Pierre"]
[Black "Ruzhansky, Elias"]
[WhiteElo "2565"]
[BlackElo "2333"]
[Round "2.2.3"]
[Result "1-0"]
[TimeControl "40/5400+30:1800+30"]

1. e4 c5 2. Nf3 d6 3. Bb5+ Bd7 4. c4 Nc6 5. Nc3 e5 6. d3 Nge7 7. h4 Ng8 8. a3 Nf6 9. Rb1 a6 10. Ba4 Be7 11. b4 b6 12. h5 h6 13. bxc5 bxc5 14. Nd5 Nxd5 15. cxd5 Na7 16. Bxd7+ Qxd7 17. O-O O-O 18. Nd2 Nb5 19. Bb2 f5 20. a4 Nc7 21. Bc3 fxe4 22. dxe4 Rf4 23. g3 Rf7 24. Rb7 Raf8 25. Kg2 Qc8 26. Qb3 Kh8 27. f3 Ne8 28. Rb8 Qd7 29. Nc4 Bd8 30. Bxe5 Bc7 31. Rb7 dxe5 32. Nxe5 Qc8 33. Nxf7+ Rxf7 34. e5 Rf5 35. d6 Rxh5 36. g4 Rxe5 37. dxc7 c4 38. Qb6 Kh7 39. Qc6 Re7 40. Qxc4 Nxc7 41. Qc2+ Kh8 42. Rfb1 Qd7 43. Rb8+ Ne8 44. R1b7 Qe6 45. Rxe7 Qxe7 46. Qe4 1-0

[Variant "Standard"]
[Site "Europe Echecs"]

[Event "Open Cappelle-la-Grande"]
[Date "2025.02.16"]
[White "Iniyan, Pa"]
[Black "Lucas, Arthur"]
[WhiteElo "2523"]
[BlackElo "2320"]
[Round "2.2.4"]
[Result "1-0"]
[TimeControl "40/5400+30:1800+30"]

1. d4 f5 2. g3 Nf6 3. Bg2 g6 4. Nf3 Bg7 5. O-O O-O 6. c4 d6 7. Nc3 Qe8 8. d5 Na6 9. Nd4 Nc5 10. Nb3 Bd7 11. Nxc5 dxc5 12. Bf4 c6 13. Be5 Rd8 14. Qa4 cxd5 15. Qxa7 d4 16. Nd5 Nxd5 17. Bxg7 Kxg7 18. cxd5 Rc8 19. Rfc1 b6 20. Qxb6 Qd8 21. Qxd8 Rfxd8 22. a4 c4 23. a5 Bb5 24. a6 Rd6 25. a7 Ra8 26. Rd1 c3 27. bxc3 dxc3 28. Rdc1 Rd7 29. Rxc3 Raxa7 30. Rxa7 Rxa7 31.
Bf3 Be8 32. g4 Kf6 33. gxf5 gxf5 34.
Kg2 Rd7 35. Kg3 Bf7 36. Rc5 Rd6 37. Kf4 e5+ 38. dxe6 Bxe6 39. Rc7 Bf7 40. e3 Rb6 41. Rd7 Rb4+ 42. Rd4 Rb6 43. Rd7 Rb4+ 44. Kg3 Rb6 45. Bd5 Bg6 46. Bg8 h6 47. Bh7 Bxh7 48. Rxh7 Kg6 49. Rd7 Re6 50. Rd4 Kg5 51. h4+ Kf6 52. Kf4 Rc6 53. h5 Rb6 54. f3 Ra6 55. Rb4 Rc6 56. Rb5 Rc4+ 57. e4 fxe4 58. Rb6+ Kg7 59. fxe4 Rc1 60. Rg6+ Kh7 61. e5 Rf1+ 62. Ke4 Rh1 63. e6 Rh4+ 64. Kf5 Rxh5+ 65. Kf6 Rg5 66. Rxg5 1-0

[Variant "Standard"]
[Site "Europe Echecs"]

[Event "Open Cappelle-la-Grande"]
[Date "2025.02.16"]
[White "Lesueur, Gabriel"]
[Black "Raja Rithvik R"]
[WhiteElo "2319"]
[BlackElo "2522"]
[Round "2.2.5"]
[Result "0-1"]
[TimeControl "40/5400+30:1800+30"]

1. e4 e5 2. Nf3 Nc6 3. Bb5 a6 4. Ba4 Nf6 5. O-O d6 6. d4 b5 7. Bb3 Nxd4 8. Nxd4 exd4 9. c3 dxc3 10. Nxc3 Be7 11. Qe2 O-O 12. Rd1 Qe8 13. Bf4 Bg4 14. f3 Be6 15. Rac1 Bxb3 16. axb3 Nh5 17. Be3 c6 18. Qc2 Nf6 19. Ne2 c5 20. Bf4 Qb8 21. Nc3 Qb6 22. Qf2 Rac8 23. Nd5 Nxd5 24. Rxd5 Rc6 25. Rcd1 Rd8 26. Kh1 Bf6 27. Qg3 Re8 28. Rxd6 Rxd6 29. Rxd6 Rd8 30. h4 Rxd6 31. Bxd6 Bxb2 32. Be5 Bxe5 33. Qxe5 Qd8 34. Qxc5 Qxh4+ 35. Kg1 Qe1+ 36. Kh2 Qh4+ 37. Kg1 Qd8 38. b4 g6 39. Kf2 Qd2+ 40. Kg3 h6 41. Qe7 Qg5+ 42. Qxg5 hxg5 43. e5 f6 44. exf6 Kf7 45. Kg4 Kxf6 46. g3 Ke5 47. Kxg5 Kd5 48. Kxg6 a5 49. bxa5 b4 50. a6 Kc6 51. a7 Kb7 52. f4 b3 53. f5 b2 54. f6 b1=Q+ 55. Kg7 Qb2 56. g4 Qe5 57. Kg6 Qe6 58. g5 Qg8+ 59. Kf5 Kxa7 60. g6 Qd5+ 61. Kf4 Qe6 62. f7 Qf6+ 63. Ke3 Kb6 0-1

[Variant "Standard"]
[Site "Europe Echecs"]

[Event "Open Cappelle-la-Grande"]
[Date "2025.02.16"]
[White "Boyer, Mahel"]
[Black "Yao, Lan"]
[WhiteElo "2509"]
[BlackElo "2316"]
[Round "2.2.6"]
[Result "1-0"]
[TimeControl "40/5400+30:1800+30"]

1. Nf3 d5 2. b3 Nf6 3. Bb2 e6 4. c4 b6 5. g3 Be7 6. cxd5 exd5 7. Bg2 O-O 8. O-O Bb7 9. e3 Nbd7 10. Nc3 Re8 11. Re1 Bf8 12. Rc1 Nc5 13. d3 Ne6 14. Ne2 Rc8 15. Nf4 Nxf4 16. exf4 Rxe1+ 17. Qxe1 c5 18. Ne5 Rc7 19. d4 Ne4 20. dxc5 Bxc5 21. Nd3 Bd6 22. Bd4 Nc5 23. Ne5 Re7 24. Qd2 f6 25. Ng4 Ne4 26. Qb2 Rc7 27. Rd1 Qc8 28. Ne3 Qe6 29. b4 Bf8 30. Qb3 Rd7 31. Bb2 Kh8 32. Rd4 Nd6 33. Bxd5 Bxd5 34. Rxd5 Ne4 35. f5 Qf7 36. Qd3 Rxd5 37. Nxd5 Nd6 38. b5 Qd7 39. Ba3 Kg8 40. Bxd6 Qxd6 41. Qc4 Kh8 42. Nf4 Qc5 43. Qf7 Qe7 44. Qc4 Qe1+ 45. Kg2 Bc5 46. Nd3 Qe7 47. Qe6 h6 48. Qxe7 Bxe7 49. Kf3 1-0

[Variant "Standard"]
[Site "Europe Echecs"]

[Event "Open Cappelle-la-Grande"]
[Date "2025.02.16"]
[White "Jacobsen, Mikkel Manosri"]
[Black "Girel, Joseph"]
[WhiteElo "2314"]
[BlackElo "2484"]
[Round "2.2.7"]
[Result "1/2-1/2"]
[TimeControl "40/5400+30:1800+30"]

1. Nf3 g6 2. g3 Bg7 3. Bg2 e5 4. O-O d5 5. c4 dxc4 6. Qa4+ Nc6 7. Nxe5 Bxe5 8. Bxc6+ bxc6 9. Qxc6+ Bd7 10. Qe4 f6 11. f4 Bf5 12. Qc6+ Bd7 13. Qe4 Bf5 14. Qc6+ Bd7 15. Qe4 Bf5 16. Qc6+ Bd7 1/2-1/2

[Variant "Standard"]
[Site "Europe Echecs"]

[Event "Open Cappelle-la-Grande"]
[Date "2025.02.16"]
[White "Iglesias, Yosha"]
[Black "Suleymenov, Alisher"]
[WhiteElo "2300"]
[BlackElo "2481"]
[Round "2.2.8"]
[Result "0-1"]
[TimeControl "40/5400+30:1800+30"]

1. d4 d5 2. c4 e6 3. Nc3 a6 4. cxd5 exd5 5. Bf4 c6 6. e3 Bd6 7. Bxd6 Qxd6 8. Bd3 Ne7 9. Nge2 Bf5 10. Nf4 O-O 11. O-O Nd7 12. Qc2 g6 13. Na4 Rfe8 14. b4 b6 15. Rfc1 Bxd3 16. Nxd3 a5 17. a3 axb4 18. axb4 b5 19. Nac5 Nb6 20. Qc3 Nc4 21. e4 dxe4 22. Nxe4 Qe6 23. Ndc5 Qf5 24. Rxa8 Rxa8 25. Ra1 Rd8 26. Ra7 Nd5 27. Qf3 Qxf3 28. gxf3 Nf4 29. h4 Rxd4 30. Nd7 Kg7 31. Kh2 Nd3 32. Ndf6 Nxf2 33. Ne8+ Kf8 34. N4f6 Rd2 35. Kg3 Ne3 36. Ra8 Nf5+ 37. Kf4 Rd4+ 38. Ne4 Ke7 39. Nf6 Nxe4 40. Ng8+ Ke6 41. Re8+ Kd7 42. Rxe4 h5 43. Kg5 Rxe4 44. fxe4 Ne7 0-1

[Variant "Standard"]
[Site "Europe Echecs"]